Remparts vs Sewer Rats
(R1)
Created - April 7, 2019 at 20:50
Goals
|
| Remparts |
1 |
3 |
1 |
5 |
| Sewer Rats |
0 |
2 |
1 |
3 |
|
Shots
|
| Remparts |
7 |
6 |
19 |
32 |
| Sewer Rats |
12 |
12 |
9 |
33 |
|
1st period
1. Remparts , Brandon Mashinter 22 (Niklas Hansson 12) at 19:40
Penalties :
Guillaume Desbiens (Que) for Hooking (Minor) at 12:04
2nd period
2. Remparts , Daniel Paille 45 (Nail Yakupov 17, Griffin Reinhart 25) at 6:34
3. Remparts , Nail Yakupov 22 (Erik Gustafsson 35) at 7:10 (PP)
4. Sewer Rats , Nick Cousins 11 (Dmitrij Jaskin 8, Jarred Tinordi 20) at 8:27
5. Remparts , Pontus Aberg 32 (Brandon Gormley 63, Erik Gustafsson 36) at 9:01 (PP)
6. Sewer Rats , Tomas Tatar 36 (Vincent Trocheck 41) at 14:32
Penalties :
Jarred Tinordi (Tol) for Hooking (Minor) at 0:03, Jarred Tinordi (Tol) for Boarding (Minor) at 6:41, Tomas Tatar (Tol) for High sticking (Double Minor) at 8:49, Ryan Murphy (Tol) for Diving (Minor) at 12:06, Michal Jordan (Que) for Hooking (Minor) at 16:40
3rd period
7. Remparts , Daniel Paille 46 (Cédric Lalonde-McNicoll 32) at 8:05
8. Sewer Rats , William Karlsson 20 (Martin Frk 19, John Ramage 10) at 16:12
Penalties :
Guillaume Desbiens (Que) for Interference (Minor) at 0:14, Brandon Gormley (Que) for Holding (Minor) at 1:42, Michal Jordan (Que) for Hooking (Minor) at 2:52, Michal Jordan (Que) for Holding (Minor) at 11:22
Goalie Stats
Jason Missiaen (Que), 30 saves from 33 shots - (0.909), W, 26-19-2, 60:00 minutes
Marek Mazanek (Tol), 19 saves from 20 shots - (0.950), 30:59 minutes
Antoine Bibeau (Tol), 8 saves from 12 shots - (0.667), L, 3-6-3, 29:01 minutes
Players Stats for Remparts
Player Name G A P +/- PIM S H SB GA TA FO MP PP MP PK MP
------------------------------------------------------------------------------------
Anton Zlobin 0 0 0 0 0 0 1 0 0 0 0/0 6:53 0:00 0:00
Brandon Gormley 0 1 1 -2 2 7 0 3 0 1 0/0 26:17 3:25 4:35
Brandon Mashinter 1 0 1 1 0 3 3 1 2 0 2/5 12:47 0:00 2:35
Cédric Lalonde-McNicoll 0 1 1 1 0 3 2 0 0 0 2/8 16:23 2:50 2:51
Chris Mueller 0 0 0 0 0 0 0 0 2 0 2/2 6:53 0:00 0:00
Daniel Paille 2 0 2 1 0 2 1 0 0 0 0/1 18:34 2:50 5:02
Erik Gustafsson 0 2 2 -2 0 4 3 1 0 0 0/0 24:49 3:25 4:24
Griffin Reinhart 0 1 1 0 0 1 0 0 0 3 0/0 20:11 3:13 2:52
Guillaume Desbiens 0 0 0 -2 4 4 1 0 2 0 1/1 18:19 3:48 0:00
Justin Williams 0 0 0 1 0 0 1 1 0 1 0/0 10:16 0:03 0:00
Keaton Thompson 0 0 0 2 0 0 1 0 0 0 0/0 11:52 0:00 1:34
Matt Puempel 0 0 0 1 0 0 4 0 0 0 1/2 10:11 0:00 0:00
Max Reinhart 0 0 0 -2 0 2 2 2 0 1 12/27 23:38 3:48 5:08
Michal Jordan 0 0 0 0 6 1 0 0 0 1 0/0 21:47 3:13 2:13
Nail Yakupov 1 1 2 1 0 1 0 0 0 0 0/1 16:03 2:47 2:17
Niklas Hansson 0 1 1 2 0 0 0 1 0 1 0/0 15:56 0:00 5:57
Pontus Aberg 1 0 1 -2 0 4 2 0 1 1 1/2 18:32 3:48 0:00
Roberts Lipsbergs 0 0 0 0 0 0 1 0 0 0 0/0 8:39 0:00 1:26
Players Stats for Sewer Rats
Player Name G A P +/- PIM S H SB GA TA FO MP PP MP PK MP
------------------------------------------------------------------------------------
Anthony Duclair 0 0 0 -1 0 1 0 0 0 0 0/1 11:39 0:00 0:00
Connor Carrick 0 0 0 0 0 1 0 0 0 0 0/0 6:46 0:00 0:18
Daniel Carr 0 0 0 -1 0 2 5 0 0 0 2/3 15:36 4:52 1:17
Dmitrij Jaskin 0 1 1 1 0 0 2 0 0 0 0/0 7:36 0:30 0:00
Erik Condra 0 0 0 -1 0 2 2 0 3 1 0/0 17:58 4:52 3:39
Jarred Tinordi 0 1 1 1 4 0 1 2 0 0 0/0 17:50 4:42 2:07
Joel Edmundson 0 0 0 1 0 0 0 1 0 0 0/0 18:44 4:42 2:59
John Ramage 0 1 1 1 0 0 0 0 0 0 0/0 9:18 0:00 0:00
Jonathan Marchessault 0 0 0 -1 0 1 2 0 0 0 4/6 14:19 4:52 0:00
Joseph Blandisi 0 0 0 1 0 1 2 1 0 0 0/0 7:16 0:10 0:00
Mark Mancari 0 0 0 1 0 3 3 1 1 0 3/7 23:08 5:09 3:39
Martin Frk 0 1 1 -1 0 3 1 0 1 1 0/0 12:15 0:23 0:00
Matt Lashoff 0 0 0 -2 0 1 0 1 2 1 0/0 25:24 5:52 3:33
Nick Cousins 1 0 1 1 0 5 0 0 0 0 1/2 8:53 0:00 1:34
Ryan Murphy 0 0 0 1 2 0 0 1 0 0 0/0 10:00 0:00 0:40
Steven Kampfer 0 0 0 -2 0 3 0 1 0 1 0/0 25:24 5:52 3:33
Tomas Tatar 1 0 1 1 4 7 3 1 1 1 0/2 20:37 5:12 1:03
Vincent Trocheck 0 1 1 1 0 1 1 0 0 1 18/25 21:29 5:13 1:55
William Karlsson 1 0 1 -1 0 2 0 0 1 1 0/3 12:32 0:29 0:09
Xavier Ouellet 0 0 0 0 0 0 0 0 0 0 0/0 6:34 0:00 0:06
3 Stars
1 - Daniel Paille (Que)
2 - Nail Yakupov (Que)
3 - Brandon Mashinter (Que)
Power Play
Remparts - 2 on 5 Attempt(s) - 40.00%
Sewer Rats - 0 on 6 Attempt(s) - 0.00%
Penalty Kill
Remparts - 6 on 6 Attempt(s) - 100.00%
- Score 0 goal in Penalty Kill
Sewer Rats - 3 on 5 Attempt(s) - 60.00%
- Score 0 goal in Penalty Kill
Team Stat
Remparts - Hits : 22 - Faceoff Wins : 21 - Blocked Shots : 9 - Penalty Minutes : 12
Sewer Rats - Hits : 22 - Faceoff Wins : 28 - Blocked Shots : 9 - Penalty Minutes : 10
Official
Referees : Unknown
Linesman : Unknown
Game Notes
Marek Mazanek enters game at 9:01 of 2nd period
Finance
Level 1 -- Attendance: 1568 (78.40%) -- Ticket Income $54,880
Level 2 -- Attendance: 832 (83.20%) -- Ticket Income $14,144
Total Attendance: 2400 (80.00%)
Total Ticket Income: $69,024
Other Income: $3,451
Total Income: $72,475
Remparts
5 vs 5 Forward
Center Left Wing Right Wing Time % Phy DF OF
1 Max Reinhart Pontus Aberg Guillaume Desbiens 40 1 2 2
2 Cédric Lalonde-McNicoll Daniel Paille Nail Yakupov 30 1 2 2
3 Brandon Mashinter Matt Puempel Justin Williams 20 1 2 2
4 Chris Mueller Roberts Lipsbergs Anton Zlobin 10 1 2 2
5 vs 5 Defense
Defense Defense Time % Phy DF OF
1 Brandon Gormley Erik Gustafsson 40 1 2 2
2 Griffin Reinhart Michal Jordan 30 1 2 2
3 Niklas Hansson Keaton Thompson 20 1 2 2
4 Brandon Gormley Michal Jordan 10 1 2 2
PowerPlay Forward
Center Left Wing Right Wing Time % Phy DF OF
1 Max Reinhart Pontus Aberg Guillaume Desbiens 60 1 2 2
2 Cédric Lalonde-McNicoll Daniel Paille Nail Yakupov 40 1 2 2
PowerPlay Defense
Defense Defense Time % Phy DF OF
1 Brandon Gormley Erik Gustafsson 60 1 2 2
2 Michal Jordan Griffin Reinhart 40 1 2 2
Penalty Kill 4 Players Forward
Center Wing Time % Phy DF OF
1 Max Reinhart Daniel Paille 60 1 2 2
2 Cédric Lalonde-McNicoll Nail Yakupov 40 1 2 2
Penalty Kill 4 Players Defense
Defense Defense Time % Phy DF OF
1 Brandon Gormley Niklas Hansson 60 1 2 2
2 Michal Jordan Erik Gustafsson 40 1 2 2
Penalty Kill - 3 Players Forward
Forward Time % Phy DF OF
1 Max Reinhart 60 1 2 2
2 Cédric Lalonde-McNicoll 40 1 2 2
Penalty Kill - 3 Players Defense
Defense Defense Time % Phy DF OF
1 Brandon Gormley Niklas Hansson 60 1 2 2
2 Michal Jordan Erik Gustafsson 40 1 2 2
4 vs 4 Forward
Center Wing Time % Phy DF OF
1 Max Reinhart Pontus Aberg 60 1 2 2
2 Cédric Lalonde-McNicoll Nail Yakupov 40 1 2 2
4 vs 4 Defense
Defense Defense Time % Phy DF OF
1 Brandon Gormley Erik Gustafsson 60 1 2 2
2 Michal Jordan Griffin Reinhart 40 1 2 2
Last Minutes Offensive
Center Left Wing Right Wing Defense Defense
Max Reinhart Pontus Aberg Guillaume Desbiens Brandon Gormley Erik Gustafsson
Last Minutes Defensive
Center Left Wing Right Wing Defense Defense
Max Reinhart Daniel Paille Justin Williams Brandon Gormley Niklas Hansson
Goaltenders
Starting : Jason Missiaen
Backup : Tyler Plante
Extra Forwards
Normal : Nail Yakupov, Pontus Aberg, Max Reinhart - PP : Nail Yakupov, Pontus Aberg - PK : Brandon Mashinter
Extra Defensemen
Normal : Griffin Reinhart, Brandon Gormley, Michal Jordan - PP : Griffin Reinhart - PK : Griffin Reinhart, Michal Jordan
Penalty Shots
Daniel Paille, Nail Yakupov, Max Reinhart, Brandon Mashinter, Pontus Aberg
Scratches
Ryan Strome (Bruised Right Shoulder Injury), Viktor Baldayev (Healthy), Juuso Ikonen (Healthy), Michael Downing (Healthy), Kyle Platzer (Healthy)
Connor Honey (Healthy), Mitchell Heard (Healthy), Tim Bozon (Healthy), François Brassard (Healthy)
Sewer Rats
5 vs 5 Forward
Center Left Wing Right Wing Time % Phy DF OF
1 Vincent Trocheck Tomas Tatar Mark Mancari 40 1 2 2
2 Jonathan Marchessault Daniel Carr Erik Condra 30 1 2 2
3 William Karlsson Anthony Duclair Martin Frk 20 1 2 2
4 Nick Cousins Joseph Blandisi Dmitrij Jaskin 10 1 2 2
5 vs 5 Defense
Defense Defense Time % Phy DF OF
1 Matt Lashoff Steven Kampfer 40 1 2 2
2 Jarred Tinordi Joel Edmundson 30 1 2 2
3 John Ramage Ryan Murphy 20 1 2 2
4 Connor Carrick Xavier Ouellet 10 1 2 2
PowerPlay Forward
Center Left Wing Right Wing Time % Phy DF OF
1 Vincent Trocheck Tomas Tatar Mark Mancari 60 1 2 2
2 Jonathan Marchessault Daniel Carr Erik Condra 40 1 2 2
PowerPlay Defense
Defense Defense Time % Phy DF OF
1 Matt Lashoff Steven Kampfer 60 1 2 2
2 Jarred Tinordi Joel Edmundson 40 1 2 2
Penalty Kill 4 Players Forward
Center Wing Time % Phy DF OF
1 Mark Mancari Erik Condra 60 1 2 2
2 Tomas Tatar Vincent Trocheck 40 1 2 2
Penalty Kill 4 Players Defense
Defense Defense Time % Phy DF OF
1 Matt Lashoff Steven Kampfer 60 1 2 2
2 Jarred Tinordi Joel Edmundson 40 1 2 2
Penalty Kill - 3 Players Forward
Forward Time % Phy DF OF
1 Mark Mancari 60 1 2 2
2 Erik Condra 40 1 2 2
Penalty Kill - 3 Players Defense
Defense Defense Time % Phy DF OF
1 Matt Lashoff Steven Kampfer 60 1 2 2
2 Jarred Tinordi Joel Edmundson 40 1 2 2
4 vs 4 Forward
Center Wing Time % Phy DF OF
1 Mark Mancari Erik Condra 60 1 2 2
2 Tomas Tatar Vincent Trocheck 40 1 2 2
4 vs 4 Defense
Defense Defense Time % Phy DF OF
1 Matt Lashoff Steven Kampfer 60 1 2 2
2 Jarred Tinordi Joel Edmundson 40 1 2 2
Last Minutes Offensive
Center Left Wing Right Wing Defense Defense
Vincent Trocheck Tomas Tatar Mark Mancari Matt Lashoff Steven Kampfer
Last Minutes Defensive
Center Left Wing Right Wing Defense Defense
Vincent Trocheck Tomas Tatar Mark Mancari Matt Lashoff Steven Kampfer
Goaltenders
Starting : Antoine Bibeau
Backup : Marek Mazanek
Extra Forwards
Normal : William Karlsson, Martin Frk, Nick Cousins - PP : William Karlsson, Martin Frk - PK : Nick Cousins
Extra Defensemen
Normal : John Ramage, Ryan Murphy, Connor Carrick - PP : John Ramage - PK : Ryan Murphy, Connor Carrick
Penalty Shots
Mark Mancari, Erik Condra, Tomas Tatar, Vincent Trocheck, Jonathan Marchessault
Scratches
Dominik Kubalik (Healthy), Josh Archibald (Healthy), Jonathan Racine (Healthy), Tyler Motte (Healthy), Chris Calhan (Healthy)
Sergei Kostenko (Healthy)
% Time on Ice - Remparts
Lines # - Real PCT - Wanted PCT - Time Play
Normal Forward
1 - 35% - 40% - 14:46
2 - 26% - 30% - 10:58
3 - 24% - 20% - 10:11
4 - 16% - 10% - 6:53
Normal Defense
1 - 37% - 40% - 15:56
2 - 34% - 30% - 14:30
3 - 22% - 20% - 9:37
4 - 6% - 10% - 2:45
PP Forward
1 - 57% - 60% - 3:48
2 - 43% - 40% - 2:50
PP Defense
1 - 52% - 60% - 3:25
2 - 48% - 40% - 3:13
PK Forward
1 - 70% - 60% - 6:28
2 - 30% - 40% - 2:46
PK Defense
1 - 49% - 60% - 4:33
2 - 51% - 40% - 4:41
PK3 Forward
1 - 94% - 60% - 1:15
2 - 6% - 40% - 0:05
PK3 Defense
1 - 74% - 60% - 0:59
2 - 26% - 40% - 0:21
44 Forward
1 - 0% - 60%
2 - 0% - 40%
44 Defense
1 - 0% - 60%
2 - 0% - 40%
Last Minute Offensive - 0:00
Last Minute Defensive - 0:00
Total
Forward - 60:00
Defense - 60:00
|
% Time on Ice - Sewer Rats
Lines # - Real PCT - Wanted PCT - Time Play
Normal Forward
1 - 34% - 40% - 14:33
2 - 22% - 30% - 9:30
3 - 27% - 20% - 11:39
4 - 17% - 10% - 7:06
Normal Defense
1 - 38% - 40% - 16:12
2 - 26% - 30% - 11:03
3 - 22% - 20% - 9:18
4 - 15% - 10% - 6:15
PP Forward
1 - 51% - 60% - 5:22
2 - 49% - 40% - 5:12
PP Defense
1 - 56% - 60% - 5:52
2 - 44% - 40% - 4:42
PK Forward
1 - 74% - 60% - 4:56
2 - 26% - 40% - 1:42
PK Defense
1 - 55% - 60% - 3:39
2 - 45% - 40% - 2:59
PK3 Forward
1 - 0% - 60%
2 - 0% - 40%
PK3 Defense
1 - 0% - 60%
2 - 0% - 40%
44 Forward
1 - 0% - 60%
2 - 0% - 40%
44 Defense
1 - 0% - 60%
2 - 0% - 40%
Last Minute Offensive - 0:00
Last Minute Defensive - 0:00
Total
Forward - 60:00
Defense - 60:00
|
Play-by-Play
1st period
0:01 of 1st period - Vincent Trocheck wins face-off versus Max Reinhart in neutral zone.
0:16 of 1st period - Snap shot by Tomas Tatar.
0:16 of 1st period - Stopped by Jason Missiaen without a rebound.
0:17 of 1st period - Jonathan Marchessault wins face-off versus Cédric Lalonde-McNicoll in Remparts zone.
0:20 of 1st period - Slapshot by Daniel Carr.
0:20 of 1st period - Stopped by Jason Missiaen with a rebound.
1:06 of 1st period - Ryan Murphy is hit by Pontus Aberg and loses puck.
1:15 of 1st period - Slapshot by Guillaume Desbiens.
1:15 of 1st period - Shot Misses the Net.
1:27 of 1st period - Brandon Gormley is hit by Joseph Blandisi.
1:58 of 1st period - Snap shot by Daniel Carr.
1:58 of 1st period - Stopped by Jason Missiaen with a rebound.
2:16 of 1st period - Snap shot by Martin Frk.
2:16 of 1st period - Stopped by Jason Missiaen with a rebound.
2:32 of 1st period - Snap shot by Tomas Tatar.
2:32 of 1st period - Stopped by Jason Missiaen with a rebound.
2:34 of 1st period - Slapshot by John Ramage.
2:34 of 1st period - Shot Blocked by Erik Gustafsson.
2:40 of 1st period - Snap shot by Tomas Tatar.
2:40 of 1st period - Shot Misses the Net.
2:42 of 1st period - Wrist shot by Tomas Tatar.
2:42 of 1st period - Shot Misses the Net.
2:49 of 1st period - Icing by Brandon Gormley.
2:50 of 1st period - Matt Puempel wins face-off versus Nick Cousins in Remparts zone.
3:19 of 1st period - Wrist shot by Cédric Lalonde-McNicoll.
3:19 of 1st period - Stopped by Antoine Bibeau with a rebound.
3:21 of 1st period - Wrist shot by Cédric Lalonde-McNicoll.
3:21 of 1st period - Stopped by Antoine Bibeau without a rebound.
3:22 of 1st period - Daniel Carr wins face-off versus Cédric Lalonde-McNicoll in Sewer Rats zone.
3:31 of 1st period - Snap shot by Erik Condra.
3:31 of 1st period - Shot Misses the Net.
3:33 of 1st period - Slapshot by Connor Carrick.
3:33 of 1st period - Deflect By Daniel Paille.
3:33 of 1st period - Stopped by Jason Missiaen with a rebound.
3:47 of 1st period - Vincent Trocheck is hit by Guillaume Desbiens.
3:51 of 1st period - Snap shot by Guillaume Desbiens.
3:51 of 1st period - Shot Misses the Net.
5:21 of 1st period - Wrist shot by Pontus Aberg.
5:21 of 1st period - Stopped by Antoine Bibeau with a rebound.
5:30 of 1st period - Off-side.
5:31 of 1st period - Chris Mueller wins face-off versus William Karlsson in neutral zone.
5:56 of 1st period - Max Reinhart is hit by Mark Mancari and loses puck.
6:15 of 1st period - Griffin Reinhart is hit by Jonathan Marchessault and loses puck.
7:37 of 1st period - Icing by Keaton Thompson.
7:38 of 1st period - Jonathan Marchessault wins face-off versus Cédric Lalonde-McNicoll in Remparts zone.
7:41 of 1st period - Wrist shot by Erik Condra.
7:41 of 1st period - Shot Blocked by Niklas Hansson.
8:32 of 1st period - Wrist shot by Nick Cousins.
8:32 of 1st period - Shot Blocked by Brandon Mashinter.
8:34 of 1st period - Slapshot by Joel Edmundson.
8:34 of 1st period - Shot Misses the Net.
8:36 of 1st period - Slapshot by Joel Edmundson.
8:36 of 1st period - Shot Blocked by Brandon Gormley.
8:48 of 1st period - William Karlsson is hit by Erik Gustafsson and loses puck.
9:14 of 1st period - Icing by Steven Kampfer.
9:15 of 1st period - Vincent Trocheck wins face-off versus Pontus Aberg in Sewer Rats zone.
9:28 of 1st period - Slapshot by Pontus Aberg.
9:28 of 1st period - Shot Misses the Net.
9:30 of 1st period - Wrist shot by Max Reinhart.
9:30 of 1st period - Shot Misses the Net.
9:41 of 1st period - Steven Kampfer is hit by Cédric Lalonde-McNicoll and loses puck.
9:48 of 1st period - Matt Lashoff is hit by Cédric Lalonde-McNicoll.
10:16 of 1st period - Erik Gustafsson is hit by Daniel Carr and loses puck.
10:53 of 1st period - Wrist shot by Vincent Trocheck.
10:53 of 1st period - Deflect By Tomas Tatar.
10:53 of 1st period - Stopped by Jason Missiaen without a rebound.
10:54 of 1st period - Cédric Lalonde-McNicoll wins face-off versus Tomas Tatar in Remparts zone.
10:54 of 1st period - Cédric Lalonde-McNicoll is hit by Tomas Tatar.
11:19 of 1st period - Max Reinhart is hit by Martin Frk and loses puck.
11:25 of 1st period - Icing by Griffin Reinhart.
11:26 of 1st period - Max Reinhart wins face-off versus William Karlsson in Remparts zone.
11:39 of 1st period - Wrist shot by Martin Frk.
11:39 of 1st period - Stopped by Jason Missiaen with a rebound.
11:41 of 1st period - Slapshot by Matt Lashoff.
11:41 of 1st period - Stopped by Jason Missiaen with a rebound.
11:55 of 1st period - Snap shot by William Karlsson.
11:55 of 1st period - Stopped by Jason Missiaen with a rebound.
12:04 of 1st period - Minor Penalty to Guillaume Desbiens for Hooking.
12:05 of 1st period - Max Reinhart wins face-off versus Vincent Trocheck in Remparts zone.
12:55 of 1st period - Daniel Paille is hit by Tomas Tatar and loses puck.
13:12 of 1st period - Wrist shot by Brandon Mashinter.
13:12 of 1st period - Shot Misses the Net.
13:35 of 1st period - Icing by Matt Lashoff.
13:36 of 1st period - Vincent Trocheck wins face-off versus Nail Yakupov in Sewer Rats zone.
13:43 of 1st period - Wrist shot by Cédric Lalonde-McNicoll.
13:43 of 1st period - Stopped by Antoine Bibeau with a rebound.
13:49 of 1st period - Erik Gustafsson is hit by Daniel Carr and loses puck.
14:04 of 1st period - Penalty to Guillaume Desbiens is over, Guillaume Desbiens is back on ice.
14:22 of 1st period - Snap shot by Justin Williams.
14:22 of 1st period - Shot Blocked by Joseph Blandisi.
14:24 of 1st period - Backhand shot by Erik Gustafsson.
14:24 of 1st period - Shot Blocked by Jarred Tinordi.
15:23 of 1st period - Snap shot by Joseph Blandisi.
15:23 of 1st period - Shot Misses the Net.
15:29 of 1st period - John Ramage is hit by Max Reinhart.
16:39 of 1st period - Slapshot by Martin Frk.
16:39 of 1st period - Stopped by Jason Missiaen with a rebound.
17:34 of 1st period - Pontus Aberg is hit by Erik Condra and loses puck.
17:39 of 1st period - Snap shot by Jonathan Marchessault.
17:39 of 1st period - Shot Misses the Net.
17:41 of 1st period - Wrist shot by Erik Condra.
17:41 of 1st period - Stopped by Jason Missiaen with a rebound.
17:43 of 1st period - Wrist shot by Daniel Carr.
17:43 of 1st period - Shot Misses the Net.
18:15 of 1st period - Off-side.
18:16 of 1st period - Nick Cousins wins face-off versus Cédric Lalonde-McNicoll in neutral zone.
18:21 of 1st period - Cédric Lalonde-McNicoll is hit by Joseph Blandisi and loses puck.
18:28 of 1st period - Slapshot by Brandon Gormley.
18:28 of 1st period - Deflect By Connor Carrick.
18:28 of 1st period - Stopped by Antoine Bibeau without a rebound.
18:29 of 1st period - Vincent Trocheck wins face-off versus Max Reinhart in Sewer Rats zone.
19:00 of 1st period - Jonathan Marchessault is hit by Daniel Paille and loses puck.
19:15 of 1st period - Matt Lashoff is hit by Roberts Lipsbergs.
19:40 of 1st period - Wrist shot by Brandon Mashinter.
19:40 of 1st period - Goal by Brandon Mashinter - Remparts : 1 - Sewer Rats : 0.
19:41 of 1st period - Max Reinhart wins face-off versus Vincent Trocheck in neutral zone.
19:50 of 1st period - Slapshot by Brandon Gormley.
19:50 of 1st period - Shot Misses the Net.
19:52 of 1st period - Slapshot by Brandon Gormley.
19:52 of 1st period - Stopped by Antoine Bibeau without a rebound.
19:53 of 1st period - Max Reinhart wins face-off versus Vincent Trocheck in Sewer Rats zone.
Goals for this period are 1 for Remparts vs 0 for Sewer Rats.
Shots for this period are 7 for Remparts vs 12 for Sewer Rats.
2nd period
0:01 of 2nd period - Vincent Trocheck wins face-off versus Max Reinhart in neutral zone.
0:03 of 2nd period - Minor Penalty to Jarred Tinordi for Hooking.
0:04 of 2nd period - Mark Mancari wins face-off versus Max Reinhart in Sewer Rats zone.
0:16 of 2nd period - Slapshot by Brandon Gormley.
0:16 of 2nd period - Shot Blocked by Mark Mancari.
2:03 of 2nd period - Penalty to Jarred Tinordi is over, Jarred Tinordi is back on ice.
2:21 of 2nd period - William Karlsson is hit by Brandon Mashinter and loses puck.
4:48 of 2nd period - Daniel Carr is hit by Anton Zlobin and loses puck.
4:59 of 2nd period - Jarred Tinordi is hit by Matt Puempel and loses puck.
5:32 of 2nd period - Wrist shot by Nick Cousins.
5:32 of 2nd period - Stopped by Jason Missiaen with a rebound.
5:39 of 2nd period - Icing by Guillaume Desbiens.
5:40 of 2nd period - Chris Mueller wins face-off versus Anthony Duclair in Remparts zone.
5:53 of 2nd period - Wrist shot by Roberts Lipsbergs.
5:53 of 2nd period - Shot Misses the Net.
5:55 of 2nd period - Snap shot by Chris Mueller.
5:55 of 2nd period - Shot Misses the Net.
6:15 of 2nd period - Slapshot by Matt Lashoff.
6:15 of 2nd period - Shot Blocked by Justin Williams.
6:21 of 2nd period - Matt Lashoff is hit by Matt Puempel and loses puck.
6:34 of 2nd period - Slapshot by Daniel Paille.
6:34 of 2nd period - Goal by Daniel Paille - Remparts : 2 - Sewer Rats : 0.
6:35 of 2nd period - Guillaume Desbiens wins face-off versus Vincent Trocheck in neutral zone.
6:41 of 2nd period - Minor Penalty to Jarred Tinordi for Boarding.
6:42 of 2nd period - Mark Mancari wins face-off versus Max Reinhart in Sewer Rats zone.
6:42 of 2nd period - Mark Mancari is hit by Pontus Aberg.
7:10 of 2nd period - Wrist shot by Nail Yakupov.
7:10 of 2nd period - Goal by Nail Yakupov - Remparts : 3 - Sewer Rats : 0.
7:11 of 2nd period - Vincent Trocheck wins face-off versus Max Reinhart in neutral zone.
7:14 of 2nd period - Erik Gustafsson is hit by Mark Mancari and loses puck.
7:37 of 2nd period - Cédric Lalonde-McNicoll is hit by Daniel Carr and loses puck.
8:00 of 2nd period - William Karlsson is hit by Brandon Mashinter and loses puck.
8:25 of 2nd period - Snap shot by Dmitrij Jaskin.
8:25 of 2nd period - Shot Blocked by Max Reinhart.
8:27 of 2nd period - Snap shot by Nick Cousins.
8:27 of 2nd period - Goal by Nick Cousins - Remparts : 3 - Sewer Rats : 1.
8:28 of 2nd period - Vincent Trocheck wins face-off versus Max Reinhart in neutral zone.
8:49 of 2nd period - Double Minor Penalty to Tomas Tatar for High sticking.
8:50 of 2nd period - Max Reinhart wins face-off versus Mark Mancari in Sewer Rats zone.
8:53 of 2nd period - Wrist shot by Max Reinhart.
8:53 of 2nd period - Shot Misses the Net.
8:55 of 2nd period - Slapshot by Erik Gustafsson.
8:55 of 2nd period - Stopped by Antoine Bibeau with a rebound.
8:57 of 2nd period - Slapshot by Erik Gustafsson.
8:57 of 2nd period - Shot Misses the Net.
8:59 of 2nd period - Slapshot by Brandon Gormley.
8:59 of 2nd period - Stopped by Antoine Bibeau with a rebound.
9:01 of 2nd period - Snap shot by Pontus Aberg.
9:01 of 2nd period - Goal by Pontus Aberg - Remparts : 4 - Sewer Rats : 1.
9:01 of 2nd period - Marek Mazanek enters game.
9:02 of 2nd period - Mark Mancari wins face-off versus Max Reinhart in neutral zone.
9:05 of 2nd period - Snap shot by Mark Mancari.
9:05 of 2nd period - Shot Hit the Post.
9:07 of 2nd period - Snap shot by Mark Mancari.
9:07 of 2nd period - Shot Misses the Net.
11:01 of 2nd period - Penalty to Tomas Tatar is over, Tomas Tatar is back on ice.
12:06 of 2nd period - Minor Penalty to Ryan Murphy for Diving.
12:07 of 2nd period - Max Reinhart wins face-off versus Mark Mancari in Sewer Rats zone.
12:08 of 2nd period - Snap shot by Guillaume Desbiens.
12:08 of 2nd period - Shot Blocked by Joel Edmundson.
12:10 of 2nd period - Slapshot by Michal Jordan.
12:10 of 2nd period - Shot Blocked by Jarred Tinordi.
12:12 of 2nd period - Wrist shot by Pontus Aberg.
12:12 of 2nd period - Shot Misses the Net.
12:14 of 2nd period - Snap shot by Max Reinhart.
12:14 of 2nd period - Deflect By Guillaume Desbiens.
12:14 of 2nd period - Shot Misses the Net.
12:14 of 2nd period - Puck is out of play.
12:15 of 2nd period - Max Reinhart wins face-off versus Mark Mancari in Sewer Rats zone.
13:39 of 2nd period - Michal Jordan is hit by Tomas Tatar and loses puck.
14:06 of 2nd period - Penalty to Ryan Murphy is over, Ryan Murphy is back on ice.
14:18 of 2nd period - Wrist shot by Martin Frk.
14:18 of 2nd period - Deflect By Anthony Duclair.
14:18 of 2nd period - Stopped by Jason Missiaen without a rebound.
14:19 of 2nd period - Vincent Trocheck wins face-off versus Brandon Mashinter in Remparts zone.
14:24 of 2nd period - Snap shot by Mark Mancari.
14:24 of 2nd period - Deflect By Brandon Mashinter.
14:24 of 2nd period - Shot Misses the Net.
14:24 of 2nd period - Puck is out of play.
14:25 of 2nd period - Vincent Trocheck wins face-off versus Cédric Lalonde-McNicoll in Remparts zone.
14:26 of 2nd period - Snap shot by Mark Mancari.
14:26 of 2nd period - Shot Blocked by Brandon Gormley.
14:28 of 2nd period - Slapshot by Vincent Trocheck.
14:28 of 2nd period - Stopped by Jason Missiaen without a rebound.
14:29 of 2nd period - Vincent Trocheck wins face-off versus Cédric Lalonde-McNicoll in Remparts zone.
14:30 of 2nd period - Snap shot by Tomas Tatar.
14:30 of 2nd period - Stopped by Jason Missiaen with a rebound.
14:32 of 2nd period - Snap shot by Tomas Tatar.
14:32 of 2nd period - Goal by Tomas Tatar - Remparts : 4 - Sewer Rats : 2.
14:33 of 2nd period - Vincent Trocheck wins face-off versus Max Reinhart in neutral zone.
14:36 of 2nd period - Slapshot by Steven Kampfer.
14:36 of 2nd period - Stopped by Jason Missiaen with a rebound.
14:40 of 2nd period - Wrist shot by Tomas Tatar.
14:40 of 2nd period - Stopped by Jason Missiaen with a rebound.
15:05 of 2nd period - Slapshot by Michal Jordan.
15:05 of 2nd period - Stopped by Marek Mazanek with a rebound.
15:10 of 2nd period - Off-side.
15:11 of 2nd period - Brandon Mashinter wins face-off versus Vincent Trocheck in neutral zone.
15:14 of 2nd period - Mark Mancari is hit by Brandon Mashinter and loses puck.
15:25 of 2nd period - Snap shot by Justin Williams.
15:25 of 2nd period - Shot Misses the Net.
16:03 of 2nd period - Brandon Gormley is hit by Jarred Tinordi.
16:25 of 2nd period - Snap shot by Mark Mancari.
16:25 of 2nd period - Stopped by Jason Missiaen with a rebound.
16:27 of 2nd period - Wrist shot by Vincent Trocheck.
16:27 of 2nd period - Shot Misses the Net.
16:29 of 2nd period - Snap shot by Mark Mancari.
16:29 of 2nd period - Stopped by Jason Missiaen without a rebound.
16:30 of 2nd period - Vincent Trocheck wins face-off versus Max Reinhart in Remparts zone.
16:40 of 2nd period - Minor Penalty to Michal Jordan for Hooking.
16:41 of 2nd period - Max Reinhart wins face-off versus Mark Mancari in Remparts zone.
17:13 of 2nd period - Snap shot by Erik Condra.
17:13 of 2nd period - Shot Blocked by Brandon Gormley.
17:15 of 2nd period - Snap shot by Jonathan Marchessault.
17:15 of 2nd period - Stopped by Jason Missiaen with a rebound.
17:17 of 2nd period - Snap shot by Erik Condra.
17:17 of 2nd period - Deflect By Brandon Gormley.
17:17 of 2nd period - Stopped by Jason Missiaen without a rebound.
17:18 of 2nd period - Daniel Carr wins face-off versus Max Reinhart in Remparts zone.
18:40 of 2nd period - Penalty to Michal Jordan is over, Michal Jordan is back on ice.
19:23 of 2nd period - Backhand shot by Michal Jordan.
19:23 of 2nd period - Shot Misses the Net.
Goals for this period are 3 for Remparts vs 2 for Sewer Rats.
Shots for this period are 6 for Remparts vs 12 for Sewer Rats.
3rd period
0:01 of 3rd period - Max Reinhart wins face-off versus Tomas Tatar in neutral zone.
0:14 of 3rd period - Minor Penalty to Guillaume Desbiens for Interference.
0:15 of 3rd period - Vincent Trocheck wins face-off versus Daniel Paille in Remparts zone.
0:28 of 3rd period - Snap shot by Mark Mancari.
0:28 of 3rd period - Stopped by Jason Missiaen with a rebound.
0:30 of 3rd period - Slapshot by Steven Kampfer.
0:30 of 3rd period - Stopped by Jason Missiaen with a rebound.
0:44 of 3rd period - Snap shot by Steven Kampfer.
0:44 of 3rd period - Stopped by Jason Missiaen without a rebound.
0:45 of 3rd period - Max Reinhart wins face-off versus Vincent Trocheck in Remparts zone.
0:45 of 3rd period - Max Reinhart is hit by Mark Mancari.
1:11 of 3rd period - Erik Gustafsson is hit by Jonathan Marchessault and loses puck.
1:34 of 3rd period - Wrist shot by Brandon Gormley.
1:34 of 3rd period - Stopped by Marek Mazanek with a rebound.
1:42 of 3rd period - Minor Penalty to Brandon Gormley for Holding.
1:43 of 3rd period - Max Reinhart wins face-off versus Vincent Trocheck in Remparts zone.
1:43 of 3rd period - Max Reinhart is hit by Vincent Trocheck.
2:07 of 3rd period - Griffin Reinhart is hit by Daniel Carr and loses puck.
2:14 of 3rd period - Penalty to Guillaume Desbiens is over, Guillaume Desbiens is back on ice.
2:37 of 3rd period - Mark Mancari is hit by Erik Gustafsson and loses puck.
2:52 of 3rd period - Minor Penalty to Michal Jordan for Hooking.
2:53 of 3rd period - Jonathan Marchessault wins face-off versus Max Reinhart in Remparts zone.
2:54 of 3rd period - Slapshot by Erik Condra.
2:54 of 3rd period - Shot Blocked by Max Reinhart.
2:56 of 3rd period - Snap shot by Daniel Carr.
2:56 of 3rd period - Deflect By Jonathan Marchessault.
2:56 of 3rd period - Shot Misses the Net.
2:56 of 3rd period - Puck is out of play.
2:57 of 3rd period - Jonathan Marchessault wins face-off versus Max Reinhart in Remparts zone.
3:22 of 3rd period - Wrist shot by Tomas Tatar.
3:22 of 3rd period - Stopped by Jason Missiaen with a rebound.
3:42 of 3rd period - Penalty to Brandon Gormley is over, Brandon Gormley is back on ice.
4:52 of 3rd period - Penalty to Michal Jordan is over, Michal Jordan is back on ice.
5:37 of 3rd period - Slapshot by Nick Cousins.
5:37 of 3rd period - Stopped by Jason Missiaen with a rebound.
6:35 of 3rd period - Niklas Hansson is hit by Dmitrij Jaskin and loses puck.
7:41 of 3rd period - Wrist shot by Brandon Mashinter.
7:41 of 3rd period - Stopped by Marek Mazanek with a rebound.
7:51 of 3rd period - Snap shot by Max Reinhart.
7:51 of 3rd period - Shot Blocked by Ryan Murphy.
7:53 of 3rd period - Wrist shot by Pontus Aberg.
7:53 of 3rd period - Shot Misses the Net.
7:55 of 3rd period - Snap shot by Max Reinhart.
7:55 of 3rd period - Stopped by Marek Mazanek with a rebound.
8:05 of 3rd period - Slapshot by Daniel Paille.
8:05 of 3rd period - Goal by Daniel Paille - Remparts : 5 - Sewer Rats : 2.
8:06 of 3rd period - Max Reinhart wins face-off versus Jonathan Marchessault in neutral zone.
8:13 of 3rd period - Slapshot by Erik Gustafsson.
8:13 of 3rd period - Stopped by Marek Mazanek with a rebound.
8:15 of 3rd period - Slapshot by Erik Gustafsson.
8:15 of 3rd period - Shot Misses the Net.
8:17 of 3rd period - Snap shot by Brandon Gormley.
8:17 of 3rd period - Stopped by Marek Mazanek with a rebound.
8:19 of 3rd period - Slapshot by Erik Gustafsson.
8:19 of 3rd period - Deflect By Max Reinhart.
8:19 of 3rd period - Shot Misses the Net.
8:19 of 3rd period - Puck is out of play.
8:20 of 3rd period - Vincent Trocheck wins face-off versus Max Reinhart in Sewer Rats zone.
9:00 of 3rd period - Daniel Paille is hit by Erik Condra and loses puck.
9:40 of 3rd period - Slapshot by Griffin Reinhart.
9:40 of 3rd period - Stopped by Marek Mazanek without a rebound.
9:41 of 3rd period - Vincent Trocheck wins face-off versus Max Reinhart in Sewer Rats zone.
9:48 of 3rd period - Backhand shot by Guillaume Desbiens.
9:48 of 3rd period - Stopped by Marek Mazanek with a rebound.
9:56 of 3rd period - Wrist shot by Guillaume Desbiens.
9:56 of 3rd period - Deflect By Pontus Aberg.
9:56 of 3rd period - Stopped by Marek Mazanek with a rebound.
10:25 of 3rd period - Slapshot by Max Reinhart.
10:25 of 3rd period - Shot Misses the Net.
10:27 of 3rd period - Slapshot by Erik Gustafsson.
10:27 of 3rd period - Stopped by Marek Mazanek with a rebound.
10:29 of 3rd period - Snap shot by Pontus Aberg.
10:29 of 3rd period - Shot Misses the Net.
10:31 of 3rd period - Wrist shot by Guillaume Desbiens.
10:31 of 3rd period - Stopped by Marek Mazanek with a rebound.
10:33 of 3rd period - Slapshot by Brandon Gormley.
10:33 of 3rd period - Stopped by Marek Mazanek with a rebound.
10:35 of 3rd period - Slapshot by Max Reinhart.
10:35 of 3rd period - Shot Misses the Net.
10:37 of 3rd period - Snap shot by Pontus Aberg.
10:37 of 3rd period - Stopped by Marek Mazanek with a rebound.
10:39 of 3rd period - Slapshot by Guillaume Desbiens.
10:39 of 3rd period - Shot Blocked by Steven Kampfer.
10:41 of 3rd period - Backhand shot by Max Reinhart.
10:41 of 3rd period - Shot Hit the Post.
10:43 of 3rd period - Slapshot by Brandon Gormley.
10:43 of 3rd period - Shot Blocked by Tomas Tatar.
10:45 of 3rd period - Slapshot by Max Reinhart.
10:45 of 3rd period - Stopped by Marek Mazanek with a rebound.
10:47 of 3rd period - Wrist shot by Guillaume Desbiens.
10:47 of 3rd period - Stopped by Marek Mazanek with a rebound.
10:49 of 3rd period - Slapshot by Erik Gustafsson.
10:49 of 3rd period - Shot Blocked by Matt Lashoff.
11:13 of 3rd period - Snap shot by Guillaume Desbiens.
11:13 of 3rd period - Stopped by Marek Mazanek with a rebound.
11:15 of 3rd period - Snap shot by Erik Gustafsson.
11:15 of 3rd period - Stopped by Marek Mazanek without a rebound.
11:16 of 3rd period - Cédric Lalonde-McNicoll wins face-off versus Jonathan Marchessault in Sewer Rats zone.
11:22 of 3rd period - Minor Penalty to Michal Jordan for Holding.
11:23 of 3rd period - Brandon Mashinter wins face-off versus Daniel Carr in Remparts zone.
12:00 of 3rd period - Matt Lashoff is hit by Keaton Thompson and loses puck.
12:37 of 3rd period - Wrist shot by Matt Lashoff.
12:37 of 3rd period - Shot Misses the Net.
13:22 of 3rd period - Penalty to Michal Jordan is over, Michal Jordan is back on ice.
13:29 of 3rd period - Snap shot by Nick Cousins.
13:29 of 3rd period - Stopped by Jason Missiaen with a rebound.
13:31 of 3rd period - Slapshot by Ryan Murphy.
13:31 of 3rd period - Deflect By Nick Cousins.
13:31 of 3rd period - Stopped by Jason Missiaen with a rebound.
13:33 of 3rd period - Snap shot by Joseph Blandisi.
13:33 of 3rd period - Stopped by Jason Missiaen with a rebound.
14:13 of 3rd period - William Karlsson is hit by Max Reinhart and loses puck.
14:36 of 3rd period - Wrist shot by Brandon Gormley.
14:36 of 3rd period - Stopped by Marek Mazanek with a rebound.
15:19 of 3rd period - Slapshot by Brandon Mashinter.
15:19 of 3rd period - Stopped by Marek Mazanek without a rebound.
15:20 of 3rd period - Vincent Trocheck wins face-off versus Matt Puempel in Sewer Rats zone.
15:20 of 3rd period - Vincent Trocheck is hit by Matt Puempel.
15:46 of 3rd period - Brandon Gormley is hit by Dmitrij Jaskin.
16:12 of 3rd period - Snap shot by Martin Frk.
16:12 of 3rd period - Deflect By William Karlsson.
16:12 of 3rd period - Goal by William Karlsson - Remparts : 5 - Sewer Rats : 3.
16:13 of 3rd period - Vincent Trocheck wins face-off versus Brandon Mashinter in neutral zone.
16:19 of 3rd period - Icing by Tomas Tatar.
16:20 of 3rd period - Vincent Trocheck wins face-off versus Brandon Mashinter in Sewer Rats zone.
16:31 of 3rd period - Snap shot by Mark Mancari.
16:31 of 3rd period - Shot Hit the Post.
16:44 of 3rd period - Off-side.
16:45 of 3rd period - Pontus Aberg wins face-off versus William Karlsson in neutral zone.
16:48 of 3rd period - Slapshot by Brandon Gormley.
16:48 of 3rd period - Shot Misses the Net.
17:12 of 3rd period - Mark Mancari is hit by Matt Puempel and loses puck.
17:31 of 3rd period - Erik Gustafsson is hit by Daniel Carr and loses puck.
17:40 of 3rd period - Snap shot by Daniel Carr.
17:40 of 3rd period - Shot Misses the Net.
18:29 of 3rd period - Mark Mancari is hit by Erik Gustafsson and loses puck.
19:53 of 3rd period - Tomas Tatar is hit by Justin Williams and loses puck.
Goals for this period are 1 for Remparts vs 1 for Sewer Rats.
Shots for this period are 19 for Remparts vs 9 for Sewer Rats.
Back to the Top